 Dungeon Crawl Stone Soup version 0.19.4 (webtiles) character file.

84 LORDOFBUTT the Vexing (level 4, -1/21 HPs)
             Began as a Spriggan Enchanter on Feb 4, 2017.
             Slain by a worm (10 damage)
             ... on level 2 of the Dungeon.
             The game lasted 00:04:31 (3526 turns).

LORDOFBUTT the Vexing (Spriggan Enchanter)          Turns: 3526, Time: 00:04:32

Health: -1/21      AC:  3    Str:  5    XL:     4   Next: 23%
Magic:  9/11       EV: 18    Int: 16    God:
Gold:   70         SH:  0    Dex: 16    Spells: 3 memorised, 5 levels left

rFire  . . .     SeeInvis +     a - +1 dagger
rCold  . . .     Gourm    .     b - +1 robe
rNeg   . . .     Faith    .     (shield restricted)
rPois  .         Spirit   .     (helmet restricted)
rElec  .         Reflect  .     (no cloak)
rCorr  .         Harm     .     (gloves unavailable)
MR     .....                    (boots unavailable)
Stlth  +++.......               (no amulet)
                                (no ring)
                                (no ring)

@: very quick
A: unfitting armour, see invisible, herbivore 3, speed 3, slow metabolism 2
a: no special abilities


You were on level 2 of the Dungeon.
You were full.

You visited 1 branch of the dungeon, and saw 2 of its levels.

You collected 70 gold pieces.

Inventory:

Hand Weapons
 a - a +1 dagger (weapon)
Armour
 b - a +1 robe (worn)
Scrolls
 f - 4 scrolls of remove curse {unknown}
 g - a scroll of fear {unknown}
 j - a scroll of fog {unknown}
Potions
 e - a potion of resistance {unknown}
 h - a potion of degeneration {unknown}
 i - a potion of invisibility {unknown}
 k - 2 potions of haste {unknown}
Books
 c - a book of Maledictions

   Spells                             Type                      Level
   a - Corona                         Hexes                        1
   b - Ensorcelled Hibernation        Hexes/Ice                    2
   c - Confuse                        Hexes                        3
   d - Tukima's Dance                 Hexes                        3
   e - Dazzling Spray                 Conjuration/Hexes            3
Comestibles
 d - 2 bread rations


   Skills:
 + Level 1.7 Short Blades
 - Level 3.0 Dodging
 - Level 4.4 Stealth
 * Level 4.1 Spellcasting
 * Level 4.8 Hexes
 + Level 0.4 Ice Magic


You had 5 spell levels left.
You knew the following spells:

 Your Spells              Type           Power        Failure   Level  Hunger
a - Corona                Hex            ###....      2%          1    None
b - Ensorcelled Hibernat  Hex/Ice        ##....       10%         2    ##.....
c - Confuse               Hex            ###.....     10%         3    ###....


Dungeon Overview and Level Annotations

Branches:
Dungeon (2/15)

Altars:
Qazlal


Innate Abilities, Weirdness & Mutations

You are very small and have problems with some larger weapons.
You are too small for most types of armour.
You have supernaturally acute eyesight. (SInv)
You are a herbivore.
You cover ground extremely quickly.
You need consume almost no food.


Message History

You hit the worm.
The worm is moderately wounded.
The bat closely misses you.
You barely miss the worm.
The worm is moderately wounded.
The bat misses you. The worm misses you.
You hit the worm.
The worm is moderately wounded.
The bat hits you.
You hit the worm.
The worm is heavily wounded.
The bat hits you but does no damage. The bat closely misses you.
The worm barely misses you.
Casting: Ensorcelled Hibernation
Confirm with . or Enter, or press ? or * to list all spells.
Aiming: Ensorcelled Hibernation
Press: ? - help, Shift-Dir - straight line, f - bat
Aim: a bat (chance to defeat MR: 60%)
The bat looks drowsy...
The worm bites you!
You die...

#.# #............. #.#
## ##............ #.# #.
.. #####.###.## .#
...........## .#
#####.###...# .#
##.....#.#####.#
#..#####..##...#####.
####...........b@w..>.).
.......###........#####.
######## #........#
#....$.(.# #........#
##########


You could see a worm and a bat (sleeping).

Vanquished Creatures
  Robin (D:1)
  An ooze (D:1)
  A dart slug (D:1)
  A leopard gecko (D:1)
  5 giant cockroaches
  14 goblins
  7 hobgoblins
  4 jackals (D:1)
  2 quokkas (D:2)
  2 ball pythons (D:1)
  6 bats (D:1)
  3 frilled lizards
  6 kobolds
  8 rats
61 creatures vanquished.

Vanquished Creatures (others)
  A goblin (D:2)
1 creature vanquished.

Grand Total: 62 creatures vanquished

Notes
Turn   | Place    | Note
-------+----------+-------------------------------------------
     0 | D:1      | LORDOFBUTT the Spriggan Enchanter began the quest for the Orb.
     0 | D:1      | Reached XP level 1. HP: 9/9 MP: 5/5
   551 | D:1      | Reached XP level 2. HP: 10/13 MP: 7/7
   696 | D:1      | Learned a level 2 spell: Ensorcelled Hibernation
  1154 | D:1      | Reached XP level 3. HP: 13/16 MP: 8/8
  1589 | D:2      | Found a stormy altar of Qazlal.
  1611 | D:2      | Noticed Robin
  2773 | D:1      | Learned a level 3 spell: Confuse
  2793 | D:1      | Killed Robin
  2858 | D:1      | Reached XP level 4. HP: 16/21 MP: 10/10
  3526 | D:2      | Slain by a worm

Skill      XL: |  1  2  3  4 |
---------------+-------------+-----
Hexes          | 4 |  4.8
Spellcasting   | 3 4 |  4.1
Short Blades   | |  1.7
Dodging        | |  3.0
Stealth        | |  4.4
Ice Magic      | |  0.4

Action                   |  1- 3 |  4- 6 || total
-------------------------+-------+-------++-------
Melee: Dagger            |   254 |   111 ||   365
 Cast: Ensorcelled Hiber |     8 |     2 ||    10
       Confuse           |     2 |       ||     2
 Stab: Sleeping          |     9 |     2 ||    11
       Confused          |     1 |       ||     1
  Eat: Bread ration      |     1 |       ||     1
Armor: Robe              |    36 |    18 ||    54
Dodge: Dodged            |   274 |   106 ||   380
